 Dungeon Crawl Stone Soup version 0.15.0 (webtiles) character file.

4672 Kejsarherre the Quickloader (level 10, -1/136 HPs)
             Began as a Centaur Hunter on Aug 28, 2014.
             Was a Believer of Okawaru.
             Slain by a killer bee (3 damage)
             ... on Level 9 of the Dungeon.
             The game lasted 00:47:37 (11508 turns).

Kejsarherre the Quickloader (Centaur Hunter)       Turns: 11508, Time: 00:47:37

HP  -1/136       AC 14     Str 21      XL: 10   Next: 21%
MP   6/7         EV 10     Int 15      God: Okawaru [**....]
Gold 336         SH  0     Dex 12      Spells:  0 memorised,  9 levels left

rFire  . . .     SeeInvis .     a - +0 short sword
rCold  . . .     Clarity  .     d - +0 leather armour
rNeg   + . .     rCorr    .     (no shield)
rPois  .         rRot     .     g - +0 helmet
rElec  .         Spirit   .     I - +2 cloak {+Inv}
SustAb .         Warding  .     (no gloves)
rMut   .         Stasis   .     F - +0 centaur barding
Gourm  .                        j - amulet of faith
MR     .....                    i - ring of positive energy
                                w - +5 ring of intelligence

@: berserking, lethally poisoned, heroism, very quick, not resistant to hostile
enchantments, extremely unstealthy
A: hooves 3, deformed body, speed 2, tough skin 3
a: Heroism, Renounce Religion, Evoke Invisibility


You were on level 9 of the Dungeon.
You worshipped Okawaru.
Okawaru was pleased with you.
You were not hungry.

You visited 2 branches of the dungeon, and saw 10 of its levels.
You also visited: Sewer.

You collected 456 gold pieces.
You spent 120 gold pieces at shops.

Inventory:

Hand weapons
 a - a +0 short sword (weapon)
 b - a +1 hand crossbow
 n - a +0 blowgun
Missiles
 e - 13 bolts
 m - 5 poisoned needles
Armour
 d - a +0 leather armour (worn)
 g - a +0 helmet (worn)
 h - a +2 cloak
 r - a +0 buckler
 F - a +0 centaur barding (worn)
 I - a +2 cloak of darkness (worn)
Magical devices
 c - a wand of random effects (4)
 t - a wand of paralysis (0) {unknown}
 u - a wand of digging (5)
 H - a wand of heal wounds (0)
Comestibles
 f - 7 bread rations
 v - a beef jerky
 C - a meat ration
 K - 7 slices of pizza
Scrolls
 q - a scroll of remove curse
 y - a scroll of enchant armour
 D - a scroll of fog
 J - 2 scrolls of recharging {unknown}
 L - a scroll of magic mapping
Jewellery
 i - a ring of positive energy (right hand)
 j - an amulet of faith (around neck)
 l - an uncursed ring of sustain abilities
 w - a +5 ring of intelligence (left hand)
 x - an uncursed ring of ice
 G - an uncursed ring of flight
Potions
 o - a potion of restore abilities
 s - 2 potions of degeneration
 z - a potion of agility
 B - a potion of berserk rage
 E - a potion of cure mutation
Books
 A - a book of Geomancy

   Spells                             Type                      Level
   Sandblast                          Earth                        1
   Stoneskin                          Transmutation/Earth          2
   Passwall                           Transmutation/Earth          3
   Stone Arrow                        Conjuration/Earth            3
   Petrify                            Transmutation/Earth          4
   Lee's Rapid Deconstruction         Earth                        5
 M - a book of Summonings

   Spells                             Type                      Level
   Abjuration                         Summoning                    3
   Recall                             Summoning/Translocation      3
   Shadow Creatures                   Summoning                    5
   Summon Demon                       Summoning                    5
   Summon Forest                      Summoning/Translocation      5
   Monstrous Menagerie                Summoning                    6


   Skills:
 * Level 9.0(14.0) Fighting
 + Level 13.3(18.3) Crossbows
 - Level 1.3(6.3) Dodging
 - Level 0.5(5.5) Stealth
 - Level 0.3(5.3) Shields


You had 9 spell levels left.
You didn't know any spells.

Dungeon Overview and Level Annotations

Branches:
Dungeon (9/15)             Temple (1/1) D:7
    Orc: D:9-12        Lair: D:8-11

Altars:
Ashenzari
Cheibriados
Dithmenos
Elyvilon
Fedhas
Kikubaaqudgha
Makhleb
Nemelex Xobeh
Okawaru
Qazlal
Sif Muna
Trog
Vehumet
Xom
Yredelemnul
Zin
The Shining One

Shops:
D:5 *

Annotations:
D:4 Dowan, Duvessa


Innate Abilities, Weirdness & Mutations

You have hooves in place of feet.
Armour fits poorly on your strangely shaped body.
You cover ground very quickly.
You have extremely tough skin (AC +3).


Message History

Something smites you!
* * * LOW HITPOINT WARNING * * *
Drink which item? (? for menu, Esc to quit)
Okay, then.
* * * LOW HITPOINT WARNING * * *
You feel sick.
The orc priest mumbles some strange prayers to Beogh.
You feel a wave of unholy energy pass over you.
There is an open door here.
You see here 2 arrows.
Drink which item? (? for menu, Esc to quit)
A red film seems to cover your vision as you go berserk!
You feel yourself moving faster!
You feel mighty!
It was a potion of berserk rage.
The killer bee closely misses you. The killer bee barely misses you.
You closely miss the killer bee. You kick the killer bee.
The killer bee is lightly wounded.
* * * LOW HITPOINT WARNING * * *
You feel sick. The killer bee stings you.
You die...

########## #........#
#........# #........#
#################........#
.....(((..((()(.@yo......#
#################....o...#
#....)...# #######'##
#o...# #.#### ####'######
###.........# ###########
#.'(......(.#


You could see a killer bee, an orc priest and an orc.

Vanquished Creatures
  Maurice (D:8)
  A two-headed ogre (D:9)
  Prince Ribbit (D:6)
  A hippogriff (D:5)
  A human (D:7)
  The ghost of wont the Magician, an experienced NaTm (D:5)
  Edmund (D:7)
  An ice beast (D:5)
  A sky beast (D:9)
  2 black bears
  2 phantoms
  An orc warrior (D:8)
  7 ogres
  A crocodile (Sewer)
  3 big kobolds (D:8)
  3 centaurs
  Blork the orc (D:7)
  3 giant frogs
  3 scorpions (D:8)
  2 killer bees (D:9)
  3 crimson imps (D:8)
  2 goliath beetles
  5 hounds
  2 jellies
  3 orc priests
  3 orc wizards
  6 worker ants
  4 iguanas
  A sky beast zombie (D:8)
  Ijyb (D:3)
  4 sheep (D:7)
  A hound zombie (D:8)
  An ogre skeleton (D:6)
  A mummy (D:8)
  A scorpion zombie (D:5)
  11 adders
  2 gnoll zombies (D:6)
  A green rat (D:6)
  2 shadow imps
  A giant mite (D:6)
  An inept feature mimic (D:2)
  2 worms
  3 orc zombies
  An iguana zombie (D:8)
  6 giant geckos
  An ooze (D:3)
  15 orcs
  3 ball pythons
  A bat zombie (D:5)
  6 giant cockroaches
  7 hobgoblins
  4 jackals (D:5)
  12 kobolds
  3 quokkas
  17 bats
  A giant gecko zombie (D:8)
  2 giant newts
  2 giant spores (D:8)
  7 goblins
  2 hobgoblin skeletons
  A kobold zombie (D:7)
  15 rats
  3 ballistomycetes (D:8)
207 creatures vanquished.

Vanquished Creatures (others)
  An orc (D:8)
  A ballistomycete (D:8)
2 creatures vanquished.

Grand Total: 209 creatures vanquished

Notes
Turn   | Place    | Note
--------------------------------------------------------------
     0 | D:1      | Kejsarherre, the Centaur Hunter, began the quest for the Orb.
     0 | D:1      | Reached XP level 1. HP: 16/16 MP: 1/1
   463 | D:1      | Reached XP level 2. HP: 23/23 MP: 2/2
   520 | D:1      | Reached skill level 5 in Crossbows
   885 | D:2      | Reached XP level 3. HP: 24/28 MP: 3/3
  1248 | D:2      | Found a glowing golden altar of the Shining One.
  1674 | D:3      | Reached skill level 6 in Crossbows
  1674 | D:3      | Reached XP level 4. HP: 35/35 MP: 3/3
  1750 | D:3      | Reached skill level 7 in Crossbows
  1750 | D:3      | Reached XP level 5. HP: 17/40 MP: 4/4
  1890 | D:3      | Noticed Ijyb
  1907 | D:3      | Killed Ijyb
  2374 | D:4      | Reached XP level 6. HP: 42/47 MP: 5/5
  2380 | D:4      | Reached skill level 8 in Crossbows
  2922 | D:4      | Noticed a phantom
  2935 | D:4      | Killed a phantom
  3080 | D:4      | Reached skill level 9 in Crossbows
  3108 | D:4      | Reached XP level 7. HP: 34/52 MP: 5/5
  3303 | D:4      | Noticed Duvessa
  3303 | D:4      | Noticed Dowan
  3626 | D:5      | Entered Level 5 of the Dungeon
  3736 | D:5      | Reached skill level 10 in Crossbows
  4011 | D:5      | Found Ujur's Assorted Antiques.
  4014 | D:5      | Bought a small garnet ring for 120 gold pieces
  4057 | D:5      | Noticed wont's ghost (experienced NaTm)
  4151 | D:5      | Killed wont's ghost
  4151 | D:5      | Reached XP level 8. HP: 39/61 MP: 6/6
  4400 | D:5      | Reached skill level 11 in Crossbows
  4650 | D:6      | Found a glowing drain.
  4702 | Sewer    | Entered a sewer
  5420 | D:6      | Noticed Prince Ribbit
  5448 | D:6      | Killed Prince Ribbit
  5448 | D:6      | Reached skill level 12 in Crossbows
  5541 | D:7      | Noticed Blork the orc
  5626 | D:7      | Got an ancient mace
  5628 | D:7      | Identified the cursed -1 mace of Cuqav {drain, rF+} (You found it on level 7 of the Dungeon)
  5669 | D:7      | Found an ancient bone altar of Kikubaaqudgha.
  5689 | D:7      | Reached XP level 9. HP: 37/71 MP: 7/7
  5820 | D:7      | Noticed Edmund
  5890 | D:7      | Found a staircase to the Ecumenical Temple.
  5914 | Temple   | Entered the Ecumenical Temple
  5964 | Temple   | Became a worshipper of Warmaster Okawaru
  6264 | D:7      | Killed Blork the orc
  6799 | D:7      | Killed Edmund
  6869 | D:7      | Reached skill level 5 in Fighting
  7064 | D:7      | Acquired Okawaru's first power
  7260 | D:7      | Found a glowing golden altar of the Shining One.
  7377 | D:8      | Reached skill level 13 in Crossbows
  7434 | D:8      | Noticed Maurice
  7479 | D:8      | Paralysed by something for 5 turns
  7515 | D:8      | Paralysed by something for 7 turns
  9912 | D:8      | Found a shadowy altar of Dithmenos.
 10331 | D:8      | Found a stormy altar of Qazlal.
 10331 | D:8      | Found a radiant altar of Vehumet.
 10333 | D:8      | Found a glowing silver altar of Zin.
 10519 | D:8      | Killed Maurice
 10519 | D:8      | Reached XP level 10. HP: 66/88 MP: 7/7
 10854 | D:9      | HP: 2/90 [killer bee (9)]
 11504 | D:9      | HP: 2/91 [orc priest/divine providence (10)]
 11508 | D:9      | Slain by a killer bee

Action                   |  1- 3 |  4- 6 |  7- 9 | 10-12 || total
-------------------------+-------+-------+-------+-------++-------
Melee: Spear             |       |     3 |       |       ||     3
       Short sword       |       |       |   728 |    54 ||   782
 Fire: Hand crossbow     |    55 |   159 |    79 |    47 ||   340
       Blowgun           |       |       |     5 |     1 ||     6
Invok: Heroism           |       |       |       |     3 ||     3
Evoke: Wand              |       |       |    12 |     4 ||    16
  Use: Scroll            |       |    11 |    10 |     3 ||    24
       Potion            |       |     3 |     7 |     1 ||    11
  Eat: Chunk             |       |     4 |    14 |       ||    18
       Beef jerky        |       |       |     4 |       ||     4
       Pizza             |       |       |     1 |       ||     1
       Bread ration      |       |       |       |     1 ||     1
